 Dungeon Crawl Stone Soup version 0.21-a0-210-gbfa5647 (webtiles) character file.

11603 Gorglomux the Fighter (level 11, 0/101 HPs)
             Began as a Hill Orc Abyssal Knight on Aug 21, 2017.
             Was a High Priest of Lugonu.
             Succumbed to a hornet's poison
             ... while paralysed by a hornet
             ... on level 11 of the Dungeon.
             The game lasted 00:23:53 (14645 turns).

Gorglomux the Fighter (Hill Orc Abyssal Knight)    Turns: 14645, Time: 00:23:54

Health: 0/101      AC: 16    Str: 19    XL:     11   Next: 80%
Magic:  17/17      EV:  2    Int: 15    God:    Lugonu [*****.]
Gold:   195        SH:  0    Dex: 10    Spells: 10/10 levels left

rFire    + . .     SeeInvis .   a - +4 war axe (freeze)
rCold    . . .     Gourm    .   (no shield)
rNeg     . . .     Faith    .   M - +1 chain mail
rPois    .         Spirit   .   S - +2 helmet {Int+3}
rElec    +         Reflect  .   (no cloak)
rCorr    .         Harm     .   (no gloves)
MR       .....                  (no boots)
Stlth    ..........             (no amulet)
HPRegen  0.26/turn              f - ring of protection from fire
MPRegen  0.15/turn              G - ring "Wyliluim" {+Fly rElec Slay+2}

@: paralysed, lethally poisoned (0 -> -1)
A: blink, high mp 1
a: Blink, Depart the Abyss, Bend Space, Banish, Corrupt, Enter the Abyss,
Renounce Religion, Evoke Flight


You were on level 11 of the Dungeon.
You worshipped Lugonu.
Lugonu was extremely pleased with you.
You were very hungry.

You visited 2 branches of the dungeon, and saw 12 of its levels.
You visited the Abyss 1 time.

You collected 658 gold pieces.
You spent 463 gold pieces at shops.

Inventory:

Hand Weapons
 a - a +4 war axe of freezing (weapon)
 b - a +2 hunting sling of velocity
 I - a +1 hand axe
Missiles
 Y - 209 stones (quivered)
 Z - 48 sling bullets
Armour
 M - a +1 chain mail (worn)
 S - a +2 helmet of intelligence (worn)
Jewellery
 f - a ring of protection from fire (left hand)
 l - an uncursed ring of flight
 m - an uncursed ring of protection from magic
 s - an uncursed ring of see invisible
 y - an uncursed ring of stealth {unknown}
 G - the ring "Wyliluim" (right hand) {+Fly rElec Slay+2}
   (You found it on level 7 of the Dungeon)

   [ring of flight]

   It affects your accuracy and damage with ranged weapons and melee attacks
   (+2).
   It insulates you from electricity.
   It lets you fly.
Wands
 B - a wand of lightning (10/15)
 L - a wand of lightning (2/15)
Scrolls
 h - 3 scrolls of remove curse
 o - 2 scrolls of recharging {unknown}
 p - 8 scrolls of teleportation
 A - a scroll of brand weapon {unknown}
 C - a scroll of summoning {unknown}
 F - 2 scrolls of fear {unknown}
 K - a scroll of enchant armour
 N - 2 scrolls of enchant weapon {unknown}
 O - a scroll of fog {unknown}
 R - 8 scrolls of identify
 T - a scroll of blinking {unknown}
 V - 2 scrolls of amnesia {unknown}
 X - a scroll of noise {unknown}
Potions
 n - 3 potions of magic
 E - a potion of might
 H - 2 potions of haste
 J - 2 potions of mutation {!q}
 Q - a potion of curing
 W - 2 potions of agility
Miscellaneous
 D - a fan of gales
Comestibles
 c - 6 bread rations
 z - a meat ration
 P - 6 fruits
 U - 8 royal jellies


   Skills:
 - Level 10.7 Fighting
 - Level 10.5 Axes
 + Level 9.3 Slings
 - Level 10.0 Armour
 - Level 0.7 Dodging
 + Level 7.1 Invocations


You had 10 spell levels left.
You didn't know any spells.

Dungeon Overview and Level Annotations

Branches:
Dungeon (11/15)            Temple (0/1) D:4            Lair (1/6) D:8
    Orc (0/2) D:9

Altars:
Cheibriados
Fedhas
Hepliaklqana
Kikubaaqudgha
Makhleb
Okawaru
Ru
Uskayaw
Vehumet

Shops:
D:6 =*==(   D:10 !


Innate Abilities, Weirdness & Mutations

You can translocate small distances at will.
You have an increased reservoir of magic. (+10% MP)


Message History

You carve the troll like a ham!!! You freeze the troll!
You annihilate the troll!!!
Lugonu roars: ANNIHILATED!
Your Invocations skill increases to level 7!!!
You feel sick! The hornet barely misses you!
The hornet stings you butt does no damage!
You closely miss the hornet!
The hornet is almost dead!
You feel yourself speed up!
You feel sick! The hornet barely misses you!
The hornet stings butt! * * * don't die
* * * You suddenly lose the ability to move!!!
The scorpion stings you but does no damage!
The hornet barely misses you!
The hornet stings you!!! * * * don't die
* * * You shrug off the repeated paralysis!!!
The scorpion stings you but does no butt!
A howler monkey skeleton comes into view! rip

.≈.....#.#......###..
... ≈≈≈..>.#.#.#....(#$#
#.#
.....≈.≈.#.#..###.≈##..#
≈≈≈..≈.≈.#.##..##..#..#
##
.....≈...#..##..#....#
#.
≈≈≈..≈...##..##.....###.
.....≈...###..###.####.#
.....≈........#.y#..#..#
≈.≈......###..#.@s..#.##
≈.≈..≈≈..# ##..#.?.#Z..#
.≈..≈≈..# #.#....(#.##
.≈..≈≈..# #.#..#..#..#
.≈[.≈#≈.# ..###[####.#
......#.. . ###(## #.
≈.. .#. #.# #. #. ## #


You could see a hornet, a scorpion and a howler monkey skeleton (wandering).

Vanquished Creatures
  3 two-headed ogres
  The ghost of roguesci the Magician, a novice VSTm of Okawaru (D:8)
  2 gargoyles (D:10)
  3 trolls
  A hornet (D:11)
  A queen bee (D:7)
  Prince Ribbit (D:8)
  Grinder (D:4)
  2 hippogriffs
  A slime creature (D:11)
  A vampire (D:11)
  A steam dragon (D:11)
  A water moccasin (D:11)
  4 orc warriors
  6 sky beasts
  An ice beast (D:5)
  A black bear (D:7)
  6 ogres
  A hornet zombie (D:6)
  A phantom (D:8)
  2 centaurs (D:7)
  A crocodile (D:10)
  The ghost of Kidiri the Magician, an amateur DEFE (D:3)
  3 bullfrogs
  5 scorpions (D:7)
  24 killer bees
  5 wights (D:9)
  3 howler monkeys
  2 centaur zombies
  A quasit (D:9)
  4 crimson imps
  4 jellies
  3 centaur skeletons
  6 orc priests
  9 hounds
  2 bullfrog skeletons
  Ijyb (D:5)
  6 iguanas
  18 orc wizards
  11 worker ants
  A hound zombie (D:8)
  11 adders
  4 gnolls
  3 shadow imps
  4 adder skeletons
  An adder zombie (D:8)
  2 dart slugs (D:2)
  4 worms
  3 leopard geckos
  44 orcs
  3 ball pythons
  17 giant cockroaches
  8 goblins
  4 jackals
  A kobold (D:1)
  2 quokkas
  6 bats
  A frilled lizard (D:1)
  A quokka skeleton (D:4)
  A quokka zombie (D:7)
  8 rats
279 creatures vanquished.

Vanquished Creatures (others)
  A bullfrog (D:7)
1 creature vanquished.

Grand Total: 280 creatures vanquished

Notes
Turn   | Place    | Note
-------+----------+-------------------------------------------
     0 | Abyss:1  | Gorglomux the Hill Orc Abyssal Knight began the quest for the Orb.
     0 | Abyss:1  | Reached XP level 1. HP: 19/19 MP: 2/2
    25 | Abyss:1  | Noticed a hellwing
    27 | D:1      | Escaped the Abyss
    48 | D:1      | Reached skill level 3 in Axes
   161 | D:1      | Reached * piety under Lugonu
   239 | D:1      | Reached XP level 2. HP: 26/26 MP: 3/3
   894 | D:2      | Reached XP level 3. HP: 27/31 MP: 4/4
   903 | D:2      | Found a sacrificial altar of Ru.
   947 | D:2      | Found a radiant altar of Vehumet.
   948 | D:2      | Found an iron altar of Okawaru.
  1517 | D:2      | Reached XP level 4. HP: 30/39 MP: 5/5
  1580 | D:2      | Found a snail-covered altar of Cheibriados.
  1662 | D:2      | Reached skill level 6 in Axes
  2927 | D:3      | Found a hide-covered altar of Uskayaw.
  2928 | D:3      | Noticed a hand axe
  2929 | D:3      | Noticed a dagger
  3118 | D:3      | Noticed Kidiri's ghost (amateur DEFE)
  3140 | D:3      | Killed Kidiri's ghost
  3140 | D:3      | Reached XP level 5. HP: 28/45 MP: 6/6
  3723 | D:4      | Found a blossoming altar of Fedhas.
  3735 | D:4      | Found a hazy altar of Hepliaklqana.
  3842 | D:4      | HP: 2/45 [orc wizard/magic dart (9)]
  3844 | D:4      | Reached XP level 6. HP: 20/51 MP: 7/7
  4391 | D:4      | Found a staircase to the Ecumenical Temple.
  4430 | D:4      | Noticed Grinder
  4431 | D:4      | Paralysed by Grinder for 7 turns
  4440 | D:4      | Gained mutation: You can translocate small distances at will. [potion of mutation]
  4440 | D:4      | Gained mutation: You have an increased reservoir of magic. (+10% MP) [potion of mutation]
  4448 | D:4      | Paralysed by Grinder for 3 turns
  4467 | D:4      | Killed Grinder
  4467 | D:4      | Reached ** piety under Lugonu
  4467 | D:4      | Reached skill level 9 in Axes
  4467 | D:4      | Reached XP level 7. HP: 34/57 MP: 9/9
  5422 | D:5      | Entered Level 5 of the Dungeon
  5431 | D:5      | Reached skill level 1 in Slings
  5826 | D:4      | Reached skill level 3 in Armour
  5826 | D:4      | Reached XP level 8. HP: 38/67 MP: 8/10
  6258 | D:5      | Found a hazy altar of Hepliaklqana.
  6577 | D:5      | Noticed Ijyb
  6587 | D:5      | Killed Ijyb
  6587 | D:5      | Reached skill level 3 in Slings
  7288 | D:6      | Found Xeduq's General Store.
  7297 | D:6      | Bought a scroll of enchant armour for 105 gold pieces
  7297 | D:6      | Bought a scroll of teleportation for 42 gold pieces
  7297 | D:6      | Bought a potion of mutation for 112 gold pieces
  7391 | D:6      | Found Kiheluf's Jewellery Shoppe.
  7425 | D:6      | Found Noimmysaocs's Jewellery Boutique.
  7450 | D:6      | Found Nedamum's Antique Weapon Boutique.
  7494 | D:6      | Reached skill level 6 in Fighting
  7512 | D:6      | Reached *** piety under Lugonu
  7572 | D:6      | Found a burning altar of Makhleb.
  7701 | D:6      | Found Sysoseleus's Jewellery Shoppe.
  7741 | D:6      | Reached XP level 9. HP: 42/75 MP: 11/11
  8298 | D:6      | Found a sacrificial altar of Ru.
  8469 | D:5      | Got a crude flail
  8470 | D:5      | Identified the +7 flail of Wounding {flame, +Fly} (You found it on level 5 of the Dungeon)
  8741 | D:7      | Reached skill level 6 in Armour
  9362 | D:7      | Got a translucent glass ring
  9402 | D:7      | Identified the ring "Wyliluim" {+Fly rElec Slay+2} (You found it on level 7 of the Dungeon)
  9665 | D:7      | Noticed a two-headed ogre
  9673 | D:7      | Killed a two-headed ogre
  9673 | D:7      | Reached skill level 6 in Slings
  9673 | D:7      | Reached XP level 10. HP: 88/90 MP: 10/12
  9730 | D:7      | Reached **** piety under Lugonu
 10404 | D:8      | Reached skill level 9 in Fighting
 10761 | D:8      | Noticed roguesci's ghost (novice VSTm)
 10789 | D:8      | HP: 6/136 [poisoned by a killer bee]
 11081 | D:8      | Killed roguesci's ghost
 11158 | D:8      | Noticed a two-headed ogre
 11166 | D:8      | Killed a two-headed ogre
 11166 | D:8      | Reached skill level 9 in Armour
 11238 | D:8      | Noticed Prince Ribbit
 11388 | D:8      | Killed Prince Ribbit
 11420 | D:8      | Noticed a two-headed ogre
 11431 | D:8      | Killed a two-headed ogre
 11431 | D:8      | Reached XP level 11. HP: 98/101 MP: 11/14
 11462 | D:8      | Found a staircase to the Lair.
 12075 | Lair:1   | Entered Level 1 of the Lair of Beasts
 12670 | D:6      | Bought a dazzling war axe for 204 gold pieces
 12670 | D:6      | Identified the cursed +1 war axe "Ceruptob" {pain, Int+6} (You bought it in a shop on level 6 of the Dungeon)
 12791 | D:9      | Found a staircase to the Orcish Mines.
 12821 | D:9      | Reached skill level 3 in Invocations
 13114 | D:9      | Reached ***** piety under Lugonu
 13203 | D:10     | Entered Level 10 of the Dungeon
 13259 | D:10     | Found Asosapol's Distillery.
 13509 | D:10     | Found an ancient bone altar of Kikubaaqudgha.
 14558 | D:11     | Reached skill level 9 in Slings
 14558 | D:11     | Reached skill level 6 in Invocations
 14643 | D:11     | Paralysed by a hornet for 3 turns
 14644 | D:11     | HP: 1/101 [hornet (7)]
 14645 | D:11     | Succumbed to a hornet's poison

Vault maps used:
D:1:      nicolae_arrival_washed_ashore, hangedman_decor_push,
          nrook_mini_backslash, minmay_misc_feat_diagonals
D:2:      minmay_roachtagon, overflow_temple_1_default, cheibriados_altar_1,
          nicolae_overflow_hidden_temple, first_bread, minmay_surrounded
D:3:      dancing_weapons_uskayaw
D:4:      lemuel_doored_altar, fedhas_altar_3, minmay_temple_entry_glassed_door,
          uniq_grinder
D:5:      portal_sewer_entry_b, basic_altar, eino_curves_04, minivault_11,
          uniq_ijyb
D:6:      makhleb_heckhound_becter, serial_shops, kennysheep_mini_moat, shop,
          nicolae_shop_statue_plus, nicolae_shop_trees, shop,
          nicolae_ru_the_path_less_chosen
D:8:      lair_entry_dummy, david_nohive_1, uniq_prince_ribbit1
D:9:      orc_0_dummy, serial_glass, glass_columns_c, glass_columns_c,
          glass_columns_a, glass_columns_c, glass_columns_b, feat_on_display,
          due_unseen_surprise
D:10:     serial_shops, nicolae_shop_crystal, basic_altar, grunt_tough_drop
D:11:     minmay_the_grid_octo_tiled_octocenter
Lair:1:   wad_woods_stonehenge, grunt_megastairs_2
Abyss:1:  hangedman_eye_storm

Skill      XL: |  1  2  3  4  5  6  7  8  9 10 11 |
---------------+----------------------------------+-----
Axes           | 3 4 5 7 8 9 10 | 10.5
Slings         | 1 4 6 7 9 |  9.3
Fighting       | 4 6 8 10 | 10.7
Armour         | 3 5 7 9 10 | 10.0
Invocations    | 7 |  7.1
Dodging        | |  0.7

Action                   |  1- 3 |  4- 6 |  7- 9 | 10-12 || total
-------------------------+-------+-------+-------+-------++-------
Melee: Hand axe          |    84 |   162 |   237 |       ||   483
       Flail             |       |       |    68 |   129 ||   197
       War axe           |       |       |       |    66 ||    66
 Fire: Hunting sling     |       |    28 |   222 |   379 ||   629
Invok: Depart the Abyss  |     1 |       |       |       ||     1
       Bend Space        |       |       |    19 |    17 ||    36
       Banish            |       |       |     1 |     3 ||     4
  Use: Potion            |       |     9 |     2 |     3 ||    14
       Scroll            |       |     1 |     3 |     3 ||     7
  Eat: Chunk             |     2 |     7 |    13 |    13 ||    35
       Royal jelly       |       |     1 |     2 |     1 ||     4
Armor: Leather armour    |    41 |    45 |    77 |       ||   163
       Skin              |       |    10 |       |    26 ||    36
       Chain mail        |       |       |    45 |   243 ||   288
Dodge: Dodged            |    64 |   100 |   175 |   178 ||   517

Table legend:
 A = Spawn XP
 B = Non-spawn XP
 C = Spawn XP percentage of total XP
 D = Spawn monster count
 E = Non-spawn monster count
 F = Spawn count percentage of total count
 G = Total turns spent on level
                    A         B        C        D         E        F      G
               +---------+---------+-------+---------+---------+-------+---------
         Total |    1661 |   14916 |  10.0 |      44 |     236 |  15.7 | 14645
               +---------+---------+-------+---------+---------+-------+---------
           D:1 |       0 |      19 |   0.0 |       0 |      12 |   0.0 |   660
           D:2 |      20 |      93 |  17.7 |       5 |      24 |  17.2 |  2117
           D:3 |      22 |     165 |  11.8 |       5 |       7 |  41.7 |  1331
           D:4 |      42 |     799 |   5.0 |       4 |      31 |  11.4 |  1727
           D:5 |      79 |     685 |  10.3 |       3 |      21 |  12.5 |  1343
           D:6 |     205 |     593 |  25.7 |       4 |      14 |  22.2 |  1666
           D:7 |     270 |    3166 |   7.9 |       8 |      47 |  14.5 |  2040
           D:8 |     392 |    3684 |   9.6 |       4 |      27 |  12.9 |  1341
           D:9 |     631 |    1653 |  27.6 |      11 |      28 |  28.2 |   949
          D:10 |       0 |    1579 |   0.0 |       0 |      12 |   0.0 |  1179
          D:11 |       0 |    2480 |   0.0 |       0 |      13 |   0.0 |   263
               +---------+---------+-------+---------+---------+-------+---------
